Map: Invader LE

Players

Pokebunny

  • Race: Terran Terran
  • League: Grandmaster

NYK - Winner!

  • Race: Zerg Zerg
  • League: Grandmaster

VOD

Have the link to the VOD?

Description

Time

  • Played on: April 4, 2016, 10:45 p.m.
  • Length: 5:45
Show
View Real Time Build Order
Export as new Build Order

Pokebunny Terran 

Build Orders: Command Center First (CC), Liberator Opening 

Get SALT Encoding   

  12  0:00  SCV  
  13  0:13  SCV  
  14  0:18  Supply Depot  
  14  0:25  SCV  
  15  0:39  SCV  
  16  0:51  SCV  
  17  0:59  Command Center  
  17  1:03  SCV  
  18  1:12  Barracks  
  18  1:16  SCV  
  19  1:21  Refinery  
  19  1:28  SCV  
  20  1:40  SCV  
  22  1:59  Orbital Command, Marine  
  22  2:12  Command Center  
  22  2:21  Marine  
  23  2:24  Orbital Command  
  23  2:27  SCV  
  24  2:40  Factory  
  24  2:43  Refinery, SCV  
  24  2:45  Barracks Reactor  
  24  2:49  SCV  
  25  2:55  SCV  
  26  3:01  Supply Depot, SCV  
  27  3:07  SCV  
  27  3:08  Bunker  
  28  3:13  SCV  
  28  3:19  SCV  
  30  3:26  Starport, Orbital Command  
  30  3:30  Hellion  
  30  3:31  Hellion  
  34  3:35  SCV  
  34  3:37  SCV  
  34  3:39  Barracks Tech Lab  
  36  3:47  SCV  
  36  3:48  Liberator  
  37  3:49  SCV  
  37  3:52  Hellion  
  37  3:53  Hellion  
  42  3:56  SCV  
  42  3:59  Marine  
  42  4:01  Refinery  
  44  4:07  SCV  
  48  4:22  Barracks  
  48  4:24  Barracks, SCV x3  
  49  4:25  Factory Reactor  
  49  4:28  Marine  
  52  4:35  Engineering Bay  
  52  4:36  Engineering Bay  
  52  4:37  SCV  
  52  4:38  SCV  
  54  4:39  Refinery  
  40  5:02  Marine  
  40  5:05  SCV  
  40  5:06  SCV  
  40  5:07  SCV  
  39  5:12  Factory Reactor, Marine  
  39  5:13  Marine x2  
Show
View Real Time Build Order
Export as new Build Order

NYK Zerg - Winner!

Build Orders: Hatch First 

Get SALT Encoding   

  12  0:01  Drone  
  13  0:12  Overlord  
  13  0:21  Drone  
  14  0:33  Drone  
  14  0:34  Drone  
  16  0:39  Drone  
  17  0:54  Hatchery  
  16  0:57  Drone  
  16  0:59  Drone  
  18  1:11  Extractor  
  17  1:15  Spawning Pool  
  17  1:17  Drone  
  17  1:20  Drone  
  18  1:33  Drone  
  18  1:39  Overlord  
  19  1:56  Drone  
  20  2:02  Queen  
  20  2:04  Zergling x2  
  20  2:05  Queen  
  20  2:06  Zergling x2  
  26  2:12  Metabolic Boost  
  26  2:15  Drone  
  26  2:19  Drone  
  28  2:23  Drone  
  29  2:32  Drone  
  30  2:42  Drone x2  
  32  2:47  Overlord  
  32  2:48  Hatchery  
  31  2:56  Zergling x4  
  33  3:01  Zergling x2  
  33  3:05  Overlord  
  34  3:10  Zergling x2  
  34  3:11  Zergling x2  
  34  3:12  Zergling x4  
  38  3:15  Overlord  
  38  3:16  Zergling x2  
  38  3:18  Zergling x2  
  40  3:30  Zergling x2, Baneling Nest  
  40  3:31  Zergling x4  
  42  3:37  Zergling x2, Spore Crawler  
  42  3:47  Zergling x2  
  42  3:48  Zergling x2  
  44  3:54  Zergling x2  
  45  3:56  Zergling x6  
  45  4:00  Overlord  
  48  4:03  Zergling x4  
  50  4:16  Zergling x10  
  55  4:23  Zergling x4  
  57  4:25  Overlord  
  57  4:45  Zergling x2  
  56  4:46  Zergling x14  
  54  5:05  Zergling x10  
  54  5:06  Zergling x6  
  62  5:10  Baneling  
  62  5:21  Zergling x8  
  58  5:22  Zergling x2  
Tags
 
Add a new tag
Caveats
  • Supply blocks, unpowered buildings, or Contaminate may cause inaccurate times.
  • Supply counts are checked every 10 seconds.